 Dungeon Crawl Stone Soup version 0.26-a0-812-g31a745ddcd (webtiles) character file.

Game seed: 13879523593275688378

723959 SolCadguy the Axe Maniac (level 27, -45/292 HPs)
             Began as a Palentonga Gladiator on Nov 12, 2020.
             Was the Champion of Qazlal.
             Killed from afar by an orb of fire (70 damage)
             ... with a fireball
             ... on level 5 of the Realm of Zot on Nov 14, 2020.
             The game lasted 07:01:55 (108914 turns).

SolCadguy the Axe Maniac (Palentonga Gladiator)   Turns: 108914, Time: 07:02:04

Health: -45/292    AC: 47    Str: 33 (34) XL:     27
Magic:  34/36      EV: 11    Int: 15      God:    Qazlal [******]
Gold:   7424       SH: 13    Dex: 26 (28) Spells: 19/26 levels left

rFire    + . .     SeeInvis +   P - +9 executioner's axe (freeze)
rCold    + + +     Faith    .   (shield currently unavailable)
rNeg     + . .     Spirit   .   x - +6 plate armour of the Robin {MR+ Int+3}
rPois    +         Reflect  +   e - +2 helmet "Qaab" {+Inv Dex+4}
rElec    +         Harm     .   R - +1 cloak "Wach" {rC+ Regen+ Int-4 Dex+3}
rCorr    +         Rampage  .   o - +2 pair of gloves {Str+3}
MR       ++++.                  v - +4 barding of Baldness {*Corrode +Blink Int+3 Dex+5}
Stlth    ..........             p - amulet of Juawkuno {Reflect Int+2 SH+5}
HPRegen  0.98/turn              m - ring "Dumuubb" {rElec rC+ MR+ rCorr}
MPRegen  0.25/turn              W - ring of Wocraele {Fire *Contam rPois rN+ Str+3}

@: marked, fire vulnerable, protected from fire, hasted, repel missiles, curled
up, very quick
A: large, rugged brown scales 3, see invisible, agile 1, clever 1, cold
resistance 2, deformed body, deterioration 1, roll, armoured tail, reflexive
curl
}: 3/15 runes: decaying, silver, gossamer
a: Rolling Charge, Upheaval, Elemental Force, Disaster Area, Renounce Religion,
Evoke Blink, Evoke Invisibility


You were on level 5 of the Realm of Zot.
You worshipped Qazlal.
Qazlal was exalted by your worship.
You visited 13 branches of the dungeon, and saw 57 of its levels.
You visited the Abyss 1 time.
You also visited: Trove, Gauntlet and Volcano.

You collected 8598 gold pieces.
You spent 1174 gold pieces at shops.

Inventory:

Hand Weapons
 r - the +9 longbow "Qiphan" {venom, rC+ Dex+4}
   (Okawaru gifted it to you on level 1 of the Vaults)

   It poisons the ammo it fires.
   It affects your dexterity (+4).
   It protects you from cold.
 P - a +9 executioner's axe of freezing (weapon)
 Q - a +9 great mace of holy wrath
Missiles
 d - 11 throwing nets
 k - 1563 arrows
 N - 29 curare-tipped darts
 U - 28 javelins (quivered)
Armour
 e - the +2 helmet "Qaab" (worn) {+Inv Dex+4}
   (Okawaru gifted it to you on level 1 of the Swamp)

   It affects your dexterity (+4).
   It lets you turn invisible.
 o - a +2 pair of gloves of strength (worn)
 v - the +4 barding of Baldness (worn) {*Corrode +Blink Int+3 Dex+5}
   (Okawaru gifted it to you on level 13 of the Dungeon)

   It affects your intelligence (+3).
   It affects your dexterity (+5).
   It lets you blink.
   It may corrode you when you take damage.
 x - the +6 plate armour of the Robin (worn) {MR+ Int+3}
   (You found it in a Gauntlet)

   It affects your intelligence (+3).
   It affects your resistance to hostile enchantments.
 R - the +1 cloak "Wach" (worn) {rC+ Regen+ Int-4 Dex+3}
   (You found it on level 5 of the Depths)

   It affects your intelligence (-4).
   It affects your dexterity (+3).
   It protects you from cold.
   It increases your rate of regeneration.
Jewellery
 j - the brooch of Shielding {Spirit SH+8}
   (You found it on level 2 of the Crypt)

   [amulet of guardian spirit]

   It causes incoming damage to be split between your health and magic.
   It affects your SH (+8).
 m - the ring "Dumuubb" (left hand) {rElec rC+ MR+ rCorr}
   (You acquired it on level 2 of the Lair of Beasts)

   [ring of resist corrosion]

   It protects you from cold.
   It insulates you from electricity.
   It affects your resistance to hostile enchantments.
   It provides partial protection from all sources of acid and corrosion.
 p - the amulet of Juawkuno (around neck) {Reflect Int+2 SH+5}
   (You bought it in a shop on level 1 of the Elven Halls)

   [amulet of reflection]

   It shields you and reflects attacks.
   It affects your intelligence (+2).
   It affects your SH (+5).
 t - the ring of Rirchups {+Blink +Fly rC+ rN+ SInv}
   (You took it off an orc knight on level 5 of the Vaults)

   [ring of positive energy]

   It protects you from cold.
   It protects you from negative energy.
   It lets you see invisible.
   It lets you fly.
   It lets you blink.
 M - an uncursed amulet of the acrobat
 W - the ring of Wocraele (right hand) {Fire *Contam rPois rN+ Str+3}
   (You took it off a deep elf annihilator on level 5 of the Depths)

   [ring of fire]

   It enhances your fire magic.
   It affects your strength (+3).
   It protects you from fire.
   It makes you vulnerable to cold.
   It protects you from poison.
   It protects you from negative energy.
   It causes magical contamination when unequipped.
Wands
 a - a wand of random effects (98)
 c - a wand of iceblast (30)
 A - a wand of polymorph (27)
 D - a wand of paralysis (62)
 G - a wand of flame (132)
 J - a wand of digging (26)
 K - a wand of disintegration (123)
 O - a wand of acid (32)
Scrolls
 b - 2 scrolls of brand weapon
 i - 31 scrolls of remove curse
 n - 2 scrolls of holy word
 y - 33 scrolls of teleportation
 B - 6 scrolls of magic mapping
 E - a scroll of blinking
 F - 6 scrolls of fog
 H - a scroll of amnesia
 I - 2 scrolls of silence
 S - 20 scrolls of identify
Potions
 g - a potion of mutation
 h - 8 potions of cancellation
 l - 4 potions of haste
 q - 10 potions of curing
 s - 10 potions of ambrosia
 u - 5 potions of flight
 w - 3 potions of resistance
 z - 5 potions of brilliance
 L - a potion of might
 T - 6 potions of magic
Miscellaneous
 f - a condenser vane
 C - the horn of Geryon (inert)
 Y - a lightning rod (4/4)
 Z - a box of beasts


   Skills:
 O Level 27 Fighting
 O Level 27 Axes
 - Level 8.5(20.0) Maces & Flails
 - Level 14.2 Bows
 - Level 2.2 Throwing
 + Level 14.1 Armour
 - Level 8.4 Dodging
 - Level 3.0 Translocations
 - Level 6.5 Transmutations
 - Level 3.2 Earth Magic
 - Level 19.0 Invocations
 + Level 14.8 Evocations


You had 19 spell levels left.
You knew the following spells:

 Your Spells              Type           Power        Failure   Level
a - Blink                 Tloc           N/A          50%         2
b - Apportation           Tloc           #.....       36%         1
c - Wereblood             Tmut           ###.....     14%         2
d - Passwall              Tmut/Erth      ##......     26%         2

Your spell library contained the following spells:

 Spells                   Type           Power        Failure   Level
 Beastly Appendage        Tmut           ###...       9%          1
 Sting                    Tmut/Pois      #...         34%         1
 Spider Form              Tmut/Pois      #.........   71%         3
 Gell's Gravitas          Tloc           #.........   75%         3
 Lesser Beckoning         Tloc           #.........   75%         3
 Teleport Other           Tloc           #.......     75%         3
 Animate Skeleton         Necr           #.....       78%         1
 Corona                   Hex            #......      78%         1
 Foxfire                  Conj/Fire      #...         78%         1
 Freeze                   Ice            #...         78%         1
 Magic Dart               Conj           #...         78%         1
 Pain                     Necr           #...         78%         1
 Shock                    Conj/Air       #...         78%         1
 Summon Small Mammal      Summ           #...         78%         1
 Ignite Poison            Fire/Tmut/Pois #.......     85%         3
 Petrify                  Tmut/Erth      ##......     87%         4
 Call Imp                 Summ           #.......     89%         2
 Corpse Rot               Necr/Air       N/A          89%         2
 Ensorcelled Hibernation  Hex/Ice        #.....       89%         2
 Poisonous Vapours        Pois/Air       #.....       89%         2
 Searing Ray              Conj           #.....       89%         2
 Slow                     Hex            #.......     89%         2
 Sublimation of Blood     Necr           #.........   89%         2
 Swiftness                Air            #.......     89%         2
 Portal Projectile        Hex/Tloc       #.....       91%         3
 Blade Hands              Tmut           ###.......   94%         5
 Call Canine Familiar     Summ           #.......     98%         3
 Confusing Touch          Hex            #.......     98%         3
 Conjure Flame            Conj/Fire      #.......     98%         3
 Dazzling Flash           Conj/Hex       #.....       98%         3
 Frozen Ramparts          Ice            #.....       98%         3
 Inner Flame              Hex/Fire       #.......     98%         3
 Mephitic Cloud           Conj/Pois/Air  #.......     98%         3
 Ozocubu's Armour         Ice            #.......     98%         3
 Static Discharge         Conj/Air       #.......     98%         3
 Summon Guardian Golem    Hex/Summ       #.......     98%         3
 Tukima's Dance           Hex            #.......     98%         3
 Vampiric Draining        Necr           #.........   98%         3
 Ice Form                 Ice/Tmut       #.......     98%         4
 Passage of Golubria      Tloc           N/A          98%         4
 Animate Dead             Necr           #.........   100%        4
 Cause Fear               Hex            #.........   100%        4
 Dispel Undead            Necr           #.......     100%        4
 Fulminant Prism          Conj/Hex       #.........   100%        4
 Hailstorm                Conj/Ice       #.......     100%        4
 Iskenderun's Mystic Bla  Conj/Tloc      #.......     100%        4
 Leda's Liquefaction      Hex/Erth       #.........   100%        4
 Olgreb's Toxic Radiance  Pois           #.......     100%        4
 Sticky Flame             Conj/Fire      #.......     100%        4
 Summon Ice Beast         Ice/Summ       #.......     100%        4
 Summon Lightning Spire   Summ/Air       #.......     100%        4
 Agony                    Necr           #.......     100%        5
 Alistair's Intoxication  Tmut/Pois      #........    100%        5
 Bolt of Magma            Conj/Fire/Erth #.........   100%        5
 Borgnjor's Vile Clutch   Necr/Erth      #.........   100%        5
 Excruciating Wounds      Necr           #.........   100%        5
 Fireball                 Conj/Fire      #.........   100%        5
 Iskenderun's Battlesphe  Conj           #.......     100%        5
 Lee's Rapid Deconstruct  Erth           #.........   100%        5
 Lightning Bolt           Conj/Air       #.........   100%        5
 Metabolic Englaciation   Hex/Ice        #.........   100%        5
 Silence                  Hex/Air        #.........   100%        5
 Summon Demon             Summ           #.........   100%        5
 Summon Mana Viper        Hex/Summ       #.......     100%        5
 Yara's Violent Unravell  Hex/Tmut       #.........   100%        5
 Death Channel            Necr           #.........   100%        6
 Dispersal                Tloc           #.........   100%        6
 Eringya's Noxious Bog    Tmut/Pois      #.........   100%        6
 Freezing Cloud           Conj/Ice/Air   #.........   100%        6
 Invisibility             Hex            #.......     100%        6
 Iron Shot                Conj/Erth      #.........   100%        6
 Simulacrum               Ice/Necr       #.........   100%        6
 Starburst                Conj/Fire      #.........   100%        6
 Statue Form              Tmut/Erth      ##.......    100%        6
 Dragon Form              Tmut           ###.......   100%        7
 Orb of Destruction       Conj           #.........   100%        7
 Spellforged Servitor     Conj/Summ      #.........   100%        7
 Summon Hydra             Summ           #.........   100%        7
 Discord                  Hex            #.........   100%        8
 Disjunction              Tloc           #.........   100%        8
 Ignition                 Fire           #.........   100%        8
 Dragon's Call            Summ           #.........   100%        9
 Shatter                  Erth           #.........   100%        9


Dungeon Overview and Level Annotations

Branches:
Dungeon (15/15)            Temple (1/1) D:7            Lair (6/6) D:9
  Swamp (4/4) Lair:2       Spider (4/4) Lair:2        Slime (3/5) Lair:5
    Orc (2/2) D:10            Elf (3/3) Orc:2        Vaults (5/5) D:13
  Crypt (3/3) Vaults:3       Tomb (0/3) Crypt:3      Depths (5/5) D:15
   Hell (visited)             Dis (0/7) Hell            Geh (0/7) Hell
    Coc (0/7) Hell            Tar (0/7) Hell            Zot (5/5) Depths:5
Volcano (visited)         Gauntlet (visited)

Altars:
Ashenzari
Cheibriados
Dithmenos
Elyvilon
Fedhas
Gozag
Hepliaklqana
Kikubaaqudgha
Makhleb
Nemelex Xobeh
Okawaru
Qazlal
Ru
Sif Muna
Trog
Uskayaw
Vehumet
Wu Jian
Xom
Yredelemnul
Zin
The Shining One
Beogh
Jiyva

Shops:
D:6 ?   D:13 (:   Orc:2 [:*(   Elf:1 (=([*   Vaults:3 }   Zot:5 *

Portals:
Hell: Depths:1 Depths:2 Depths:3 Depths:4 Depths:5
Abyss: Depths:2 Depths:3 Depths:4
Pandemonium: Depths:1 Depths:3
Ziggurat: Depths:3

Annotations:
Lair:3 3 runed translucent doors, Misha's ghost, journeyman MfGl
Lair:6 exclusion: 4 oklob plants
Swamp:2 3 runed translucent doors, SolusNox's ghost, adept MiBe
Elf:2 1 runed translucent door
Vaults:4 3 runed translucent doors, exclusion: obsidian statue, garrulousMonolith's ghost, veteran GnFi
Zot:2 2 transporters, Netemen's ghost, master GnFi


Innate Abilities, Weirdness & Mutations

You are completely covered in rugged brown scales. (AC +3, +7% HP)
You have supernaturally acute eyesight. (SInv)
Armour fits poorly on your strangely shaped body.
You can roll at foes to attack.
You have a long armoured tail.
You curl defensively after being hit.
You are agile. (Dex +2)
Your mind is acute. (Int +2)
Your flesh is very cold resistant. (rC++)
Your body sometimes deteriorates upon taking damage.


Message History

You feel protected from electricity.
* * * LOW HITPOINT WARNING * * *
The electric golem hurls lightning at you.
The bolt of lightning hits the orb of fire.
The orb of fire completely resists.
The bolt of lightning hits you! You resist.
* * * LOW HITPOINT WARNING * * *
Press: ? - help, Dir - move target cursor
As you read the scroll of blinking, it crumbles to dust.
An orb of fire comes into view.
Okay, then.
Okay, then.
You feel better.
Okay, then.
Evoke which item? (* to show all) (? for menu, Esc to quit)
You produce a hideous howling noise!
The orb of fire glows red.
The fireball explodes!
The fireball engulfs you!!!
Your resistance to electricity fades away.
You feel protected from fire.
You die...

...........# #.............##
^........^.. #.............#
...........^.# ##...........##
.............# #...........#
.............# ##...........#
...^.........# #.............#
.............# ##.☼...........#
.............###.2...*.........
........X...###.@.###########.
..8*.......##.☼.2##
.§X.*......†...###
.*##▓▓▓▓▓▓▓▓▓▓▓# ..X ...D ...D.
..L... .......


You could see an orb of fire and 2 friendly hell beasts.

Vanquished Creatures
  Khufu (Crypt:1)
  Mara (Crypt:1)
  Mennas (Depths:4)
  An ancient lich (Vaults:5)
  3 juggernauts (Depths:5)
  Boris (Depths:3)
  Bai Suzhen (Swamp:3)
  The ghost of lmSkywalker the Warrior, an adept DrTm of Okawaru (Depths:1)
  Xtahua (Depths:5)
  Saint Roka (Depths:1)
  Geryon (Hell)
  A caustic shrike (Depths:1)
  11 golden dragons
  2 curse toes
  Jory (Depths:4)
  the Enchantress (Depths:1)
  5 bone dragons
  A profane servitor (Abyss:4)
  10 liches
  12 tentacled monstrosities
  4 electric golems
  7 Orb Guardians (Zot:5)
  The ghost of Zeph the Severer, an adept NaFi of Cheibriados (Depths:1)
  4 deep elf blademasters
  8 acid blobs (Slime:1)
  13 titans
  4 quicksilver dragons
  7 deep elf master archers
  An Executioner (Abyss:4)
  9 sphinxes
  6 ancient champions
  2 thorn hunters
  17 tentacled starspawn
  8 death cobs
  7 draconian monks
  13 tengu reavers
  16 storm dragons
  A storm dragon (shapeshifter) (Depths:3)
  A fenstrider witch (Swamp:2)
  11 shadow dragons
  Roxanne (Elf:2)
  4 revenants
  Donald (Spider:3)
  28 fire giants
  21 frost giants
  2 balrugs
  6 ghost moths
  An orc warlord (Orc:2)
  2 draconian knights
  12 deep elf sorcerers
  5 draconian scorchers
  A cacodemon (Abyss:4)
  3 iron dragons
  4 draconian stormcallers
  A reaper (Hell)
  4 emperor scorpions
  13 vault wardens
  Louise (Spider:4)
  3 caustic shrike zombies
  3 deep elf elementalists
  6 curse skulls
  4 ghouls
  9 draconian annihilators
  5 draconian shifters
  6 spriggan defenders
  8 ironheart preservers
  An ophan (Abyss:1)
  4 war gargoyles
  15 green draconians
  4 entropy weavers
  25 very ugly things
  10 black draconians
  36 stone giants
  2 lorocyprocas
  Nessos (Orc:2)
  7 deep elf demonologists
  4 yellow draconians
  12 spark wasps
  69 starcursed masses
  8 vampire knights
  11 white draconians
  A minotaur (Gauntlet)
  11 purple draconians
  15 deep elf annihilators
  14 red draconians
  2 blizzard demons
  5 bunyips
  17 ettins
  Snorg (Orc:2)
  6 eidola
  A merfolk javelineer (Depths:1)
  3 shambling mangroves
  5 eleionomae
  18 yaktaur captains
  A mummy priest (Crypt:3)
  8 deep elf death magi
  9 deep elf high priests
  17 fire dragons
  19 ice dragons
  Josephine (D:11)
  Harold (Lair:2)
  3 jiangshi
  12 rakshasas
  10 boulder beetles
  34 vault guards
  21 great orbs of eyes
  27 hydras
  A hydra (shapeshifter) (Depths:5)
  The ghost of Sin92 the Cleaver, a journeyman DsFi of Okawaru (Lair:1)
  7 centaur warriors
  13 spriggan air magi
  30 dancing weapons
  A merfolk avatar (Lair:6)
  6 death knights
  9 tengu warriors
  10 deep troll shamans
  10 hell hogs
  6 spriggan berserkers
  Urug (D:10)
  5 death yaks (Lair:3)
  A satyr (shapeshifter) (Depths:5)
  11 deep troll earth magi
  3 orc high priests
  43 two-headed ogres
  5 alligators
  14 thrashing horrors
  13 ogre magi
  A titan zombie (Crypt:2)
  7 sun demons
  6 soul eaters
  5 goliath frogs
  10 vampire magi
  10 spriggans
  Nergalle (Orc:2)
  25 deep elf knights
  A storm dragon zombie (Crypt:1)
  5 shadow wraiths
  14 wretched stars
  A fire crab (shapeshifter) (Depths:4)
  2 iron golems (Depths:1)
  A titan skeleton (Crypt:3)
  8 glowing orange brains
  3 iron trolls (Depths:3)
  5 sixfirhies
  A swamp dragon (shapeshifter) (Vaults:3)
  10 bog bodies
  A spark wasp zombie (Hell)
  2 spatial maelstroms
  A bunyip zombie (Crypt:1)
  An unseen horror (shapeshifter) (D:15)
  11 hell knights
  9 flayed ghosts
  A storm dragon skeleton (Crypt:2)
  An anaconda zombie (Crypt:3)
  30 skeletal warriors
  A deep troll (shapeshifter) (Depths:1)
  2 wizards
  4 spriggan druids
  13 unseen horrors
  A sea snake (Lair:6)
  17 deep elf archers
  A lindwurm (Lair:5)
  23 deep trolls
  13 ironbrand convokers
  A shadow dragon zombie (Hell)
  19 swamp dragons
  2 sphinx zombies
  An iron giant skeleton (Crypt:1)
  9 orc knights
  A harpy (shapeshifter) (D:15)
  An anaconda skeleton (Hell)
  13 necromancers
  2 harpies (Lair:6)
  3 orb spiders (shapeshifter)
  A mana viper (shapeshifter) (Depths:5)
  7 orb spiders
  A golden dragon skeleton (Crypt:1)
  22 phantasmal warriors
  4 shining eyes
  66 large abominations
  An oklob plant (Lair:3)
  10 worldbinders
  A cyclops (shapeshifter) (Elf:1)
  3 human zombies
  A fire giant zombie (Hell)
  9 will-o-the-wisps
  35 wolf spiders
  4 orc sorcerers
  46 ugly things
  2 manticores
  68 deep elf magi
  2 stone giant skeletons
  A manticore (shapeshifter) (Depths:1)
  A spectral iron troll (Crypt:3)
  A moth of wrath (shapeshifter) (D:15)
  2 frost giant zombies
  A salamander (shapeshifter) (D:15)
  2 cyclopes
  2 centaur zombies
  15 elephants
  4 black mambas
  31 moths of wrath
  An eleionoma skeleton (Crypt:1)
  A fire giant skeleton (Abyss:2)
  9 rust devils
  5 apocalypse crabs
  4 guardian serpents
  2 eyes of devastation (Slime:1)
  2 ice statues (Hell)
  19 smoke demons
  2 torpor snails
  12 vault sentinels
  Maurice (D:9)
  17 cane toads
  A gargoyle (D:14)
  5 orange demons
  62 yaktaurs
  6 efreet
  A shock serpent skeleton (Crypt:3)
  6 rime drakes
  A hellion (Abyss:4)
  An alligator snapping turtle zombie (Crypt:1)
  3 ice devils
  22 freezing wraiths
  11 komodo dragons
  3 tormentors
  19 demonic crawlers
  5 tengu conjurers
  7 guardian mummies
  An iron troll zombie (Crypt:1)
  A redback zombie (D:15)
  An anaconda simulacrum (Crypt:1)
  4 spectral deep trolls (Crypt:3)
  A queen bee (shapeshifter) (D:15)
  A silent spectre (Abyss:4)
  3 hellwings (Abyss:1)
  3 red devils
  2 sea snake skeletons (Crypt:2)
  27 jumping spiders
  A meliai (shapeshifter) (Depths:2)
  A wind drake (Lair:6)
  A bloated husk (Swamp:4)
  28 hornets
  6 trolls
  15 ancient zymes
  A troll (shapeshifter) (Depths:5)
  5 polar bears
  2 queen bees
  A shadow dragon simulacrum (Crypt:3)
  6 hydra skeletons
  7 tyrant leeches
  A wolf spider simulacrum (Crypt:2)
  42 raiju
  A tarantella zombie (Crypt:1)
  2 deep troll zombies (Hell)
  A meliai zombie (Crypt:2)
  35 blink frogs
  An ice dragon zombie (Crypt:1)
  2 dream sheep (shapeshifter)
  12 dream sheep
  An alligator zombie (Hell)
  3 ettin zombies
  3 fire dragon zombies
  2 snapping turtles (shapeshifter)
  70 slime creatures
  6 flying skulls
  2 spriggan zombies (Hell)
  A centaur simulacrum (Gauntlet)
  A frost giant simulacrum (Crypt:3)
  An ettin skeleton (Crypt:1)
  16 ynoxinuls
  2 air elementals
  3 vampires
  46 redbacks
  20 wraiths
  A human (shapeshifter) (Depths:5)
  12 wyverns
  2 fire bats (Abyss:4)
  3 shadows
  24 tarantellas
  3 basilisks
  8 fire elementals
  9 golden eyes
  5 water elementals
  49 yaks
  A steam dragon (D:14)
  An emperor scorpion simulacrum (Abyss:3)
  13 chaos spawn
  2 hogs (shapeshifter)
  17 neqoxecs
  A basilisk (shapeshifter) (Vaults:1)
  A steam dragon (shapeshifter) (Depths:1)
  6 vampire mosquitoes (Lair:2)
  8 spatial vortices (Abyss:1)
  2 nagas (shapeshifter)
  A warg (shapeshifter) (Depths:2)
  2 harpy simulacra (Gauntlet)
  2 wargs
  A swamp worm (shapeshifter) (Depths:4)
  A water nymph zombie (Crypt:3)
  Menkaure (D:4)
  A soldier ant (shapeshifter) (Elf:2)
  An insubstantial wisp (Abyss:4)
  An orb spider zombie (Crypt:2)
  3 acid dragons
  An acid dragon (shapeshifter) (Vaults:3)
  23 water moccasins
  3 cane toad zombies (Hell)
  17 swamp worms
  2 floating eyes (Depths:5)
  A floating eye (shapeshifter) (Vaults:2)
  37 orc warriors
  7 ice beasts
  A monstrous demonspawn skeleton (Crypt:2)
  6 eyes of draining
  2 sky beasts
  10 swamp drakes
  3 necrophages
  2 eyes of draining (shapeshifter)
  A black bear (shapeshifter) (Vaults:3)
  40 ogres
  3 black bears
  52 small abominations
  2 phantoms
  6 boggarts
  16 wolves
  17 centaurs
  A rime drake zombie (Crypt:2)
  A snapping turtle skeleton (Crypt:3)
  3 human skeletons
  Blork the orc (Orc:2)
  A hog skeleton (Crypt:3)
  2 big kobolds
  29 bullfrogs
  2 elf zombies (Elf:1)
  A glowing shapeshifter simulacrum (Vaults:3)
  7 earth elementals
  2 wyvern zombies
  7 scorpions
  3 wyvern skeletons
  A cyclops skeleton (Crypt:1)
  50 killer bees
  A yak zombie (Crypt:1)
  19 wights
  A wolf zombie (Crypt:3)
  5 electric eels
  2 howler monkeys
  4 crimson imps
  3 bullfrog zombies
  A wyvern simulacrum (Gauntlet)
  7 quasits
  7 jellies
  11 orc priests
  5 bullfrog skeletons
  7 hounds
  5 iron imps
  28 orc wizards
  2 centaur skeletons
  2 iguanas
  Natasha (thrice) (D:4)
  12 worker ants
  A killer bee zombie (D:9)
  A demigod zombie (Crypt:3)
  A sky beast zombie (Crypt:1)
  A big kobold skeleton (Crypt:1)
  A hound skeleton (D:7)
  A hound zombie (D:8)
  12 mummies
  A howler monkey zombie (D:5)
  A worker ant zombie (D:10)
  3 gnolls (D:5)
  A river rat (Lair:3)
  21 adders
  A swamp drake skeleton (Crypt:3)
  2 shadow imps
  10 white imps
  13 ufetubi
  An ooze (D:1)
  2 adder skeletons
  3 worms
  A dart slug (D:1)
  4 leopard geckos
  93 orcs
  A ball python (D:2)
  5 giant cockroaches
  5 goblins
  10 hobgoblins
  22 jackals
  18 kobolds
  6 quokkas
  A quokka (shapeshifter) (Depths:3)
  5 bats
  6 frilled lizards
  2 leopard gecko skeletons (D:4)
  2 quokka zombies
  4 rats
  A rat zombie (Crypt:3)
  5 briar patches (Swamp:4)
  2 crawling corpses (Elf:3)
  A fungus (Lair:2)
  4 lurking horrors
  18 starspawn tentacles
3238 creatures vanquished.

Vanquished Creatures (collateral kills)
  A storm dragon (Zot:1)
  A revenant (Crypt:1)
  A thrashing horror (Abyss:4)
  An ugly thing (D:11)
  2 flying skulls (Crypt:1)
  A water moccasin (D:11)
  A bullfrog skeleton (D:11)
  A mummy (Crypt:1)
  An adder (D:11)
10 creatures vanquished.

Vanquished Creatures (others)
  A draconian monk (Zot:2)
  A draconian scorcher (Zot:4)
  A vault warden (Vaults:5)
  A frost giant (Zot:1)
  A deep elf mage (Elf:1)
  A vault sentinel (Vaults:5)
  A bloated husk (Swamp:2)
  2 spriggans
  A boggart (Vaults:3)
  An orc wizard (D:14)
  2 white imps
  A kobold (D:9)
  3 demonic plants (Abyss:4)
  14 foxfires
  68 fungi
  124 plants
  23 starspawn tentacles
  6 toadstools (Swamp:3)
  6 withered plants (Depths:1)
258 creatures vanquished.

Grand Total: 3506 creatures vanquished

Notes
Turn   | Place    | Note
-------+----------+-------------------------------------------
     0 | D:1      | SolCadguy the Palentonga Gladiator began the quest for the
                  | Orb.
     0 | D:1      | Reached XP level 1. HP: 18/18 MP: 1/1
   505 | D:1      | Reached XP level 2. HP: 24/25 MP: 2/2
  1229 | D:2      | Reached XP level 3. HP: 31/31 MP: 3/3
  1394 | D:2      | Reached XP level 4. HP: 12/38 MP: 4/4
  1411 | D:1      | Reached skill level 5 in Axes
  3004 | D:3      | You fall into a shaft and drop 2 floors!
  3004 | D:5      | Entered Level 5 of the Dungeon
  3073 | D:5      | Reached XP level 5. HP: 42/43 MP: 5/5
  3259 | D:4      | Noticed Natasha
  3269 | D:4      | Killed Natasha
  3324 | D:4      | Noticed Natasha
  3325 | D:4      | Killed Natasha
  3325 | D:4      | Reached XP level 6. HP: 51/51 MP: 6/6
  3561 | D:4      | Noticed Menkaure
  3569 | D:4      | Killed Menkaure
  3674 | D:4      | Noticed Natasha
  3681 | D:4      | Killed Natasha
  3795 | D:4      | Gained mutation: You curl defensively after being hit.
                  | [Palentonga growth]
  3795 | D:4      | Reached XP level 7. HP: 58/58 MP: 7/7
  4962 | D:6      | Found Domudi Udoid's Magic Scroll Shop.
  4967 | D:6      | Reached XP level 8. HP: 61/65 MP: 8/8
  5039 | D:6      | Bought a scroll of teleportation for 42 gold pieces
  5051 | D:6      | Reached skill level 10 in Axes
  5361 | D:6      | Found a snail-covered altar of Cheibriados.
  5635 | D:6      | Found a sparkling altar of Nemelex Xobeh.
  5694 | D:6      | Noticed an angel
  5695 | D:6      | Found a glowing silver altar of Zin.
  5864 | D:7      | Found a staircase to the Ecumenical Temple.
  5892 | Temple   | Entered the Ecumenical Temple
  6008 | Temple   | Became a worshipper of Warmaster Okawaru
  6076 | D:7      | Noticed a hornet
  6080 | D:7      | Killed a hornet
  6080 | D:7      | Reached XP level 9. HP: 64/77 MP: 9/9
  6369 | D:7      | Reached * piety under Okawaru
  6369 | D:7      | Reached skill level 5 in Fighting
  6919 | D:7      | Reached skill level 1 in Invocations
  7524 | D:8      | Reached skill level 1 in Armour
  7525 | D:8      | Noticed a troll
  7554 | D:8      | Killed a troll
  7721 | D:8      | Reached ** piety under Okawaru
  8370 | D:9      | Reached XP level 10. HP: 92/92 MP: 11/11
  8417 | D:9      | Noticed a two-headed ogre
  8430 | D:9      | Killed a two-headed ogre
  8430 | D:9      | Reached *** piety under Okawaru
  8437 | D:9      | Found a hide-covered altar of Uskayaw.
  8444 | D:9      | Found an ancient bone altar of Kikubaaqudgha.
  8444 | D:9      | Found a white marble altar of Elyvilon.
  8447 | D:9      | Found a sparkling altar of Nemelex Xobeh.
  8447 | D:9      | Found a broken altar of Ashenzari.
  9315 | D:9      | Reached **** piety under Okawaru
  9345 | D:9      | Found a stormy altar of Qazlal.
  9520 | D:9      | Noticed Maurice
  9529 | D:9      | Killed Maurice
  9998 | D:9      | Found a staircase to the Lair.
 10108 | D:10     | Entered Level 10 of the Dungeon
 10300 | D:10     | Reached skill level 5 in Armour
 10315 | D:10     | Reached XP level 11. HP: 87/101 MP: 12/12
 10623 | D:10     | Noticed Urug
 10635 | D:10     | Killed Urug
 10635 | D:10     | Reached ***** piety under Okawaru
 10741 | D:10     | Found a staircase to the Orcish Mines.
 11119 | D:10     | Got a bloodstained hand axe
 11120 | D:10     | Identified the cursed +0 hand axe of the Inferno {vorpal,
                  | *Slow rF++ Str+6} (You found it on level 10 of the Dungeon)
 11126 | D:10     | Gained mutation: You are robust. (+10% HP) [potion of
                  | mutation]
 11603 | Lair:1   | Entered Level 1 of the Lair of Beasts
 11878 | Lair:1   | Found a large runed translucent door.
 11879 | Lair:1   | Found a large runed translucent door.
 11881 | Lair:1   | Noticed Sin92's ghost (journeyman DsFi)
 12330 | Lair:2   | Noticed a seven-headed hydra
 12338 | Lair:2   | Killed a seven-headed hydra
 12338 | Lair:2   | Received a gift from Okawaru
 13382 | Lair:2   | Noticed an eight-headed hydra
 13393 | Lair:2   | Noticed a five-headed hydra
 13394 | Lair:2   | Killed an eight-headed hydra
 13394 | Lair:2   | Reached skill level 10 in Fighting
 13421 | Lair:2   | Killed a five-headed hydra
 13792 | Lair:2   | Reached skill level 5 in Invocations
 14055 | Lair:2   | Noticed a boulder beetle
 14070 | Lair:2   | Killed a boulder beetle
 14070 | Lair:2   | Reached XP level 12. HP: 83/126 MP: 15/15
 14291 | Lair:2   | Noticed Harold
 14302 | Lair:2   | Killed Harold
 14302 | Lair:2   | Received a gift from Okawaru
 14774 | Lair:2   | Found a staircase to the Swamp.
 14854 | Lair:2   | Noticed a boulder beetle
 14859 | Lair:2   | Killed a boulder beetle
 15172 | Lair:2   | Found a hole to the Spider Nest.
 15276 | Lair:3   | Noticed a five-headed hydra
 15351 | Lair:3   | Noticed a death yak
 15354 | Lair:3   | Noticed a death yak
 15355 | Lair:3   | Noticed a death yak
 15355 | Lair:3   | Noticed a death yak
 15574 | Lair:2   | Killed a five-headed hydra
 15775 | Lair:3   | Reached skill level 15 in Axes
 15920 | Lair:3   | Found a runed translucent gate.
 15920 | Lair:3   | Found a runed translucent gate.
 15920 | Lair:3   | Found a runed translucent gate.
 15921 | Lair:3   | Noticed Misha's ghost (journeyman MfGl)
 15922 | Lair:3   | Noticed a catoblepas
 15969 | Lair:3   | Noticed a boulder beetle
 15980 | Lair:3   | Killed a boulder beetle
 15985 | Lair:3   | Noticed a death yak
 15994 | Lair:3   | Killed a death yak
 16000 | Lair:3   | Killed a death yak
 16005 | Lair:3   | Killed a death yak
 16010 | Lair:3   | Killed a death yak
 16014 | Lair:3   | Killed a death yak
 16014 | Lair:3   | Received a gift from Okawaru
 16017 | Lair:3   | Got a pitted barding {god gift}
 16203 | Lair:3   | Identified the -7 barding of an ossuary {rCorr Int+3}
                  | (Okawaru gifted it to you on level 3 of the Lair of Beasts)
 16623 | Lair:3   | Reached XP level 13. HP: 139/139 MP: 16/16
 18020 | Lair:3   | Reached skill level 1 in Evocations
 20113 | Lair:5   | Received a gift from Okawaru
 20508 | Lair:5   | Found a dark tunnel.
 20513 | Volcano  | Entered a volcano
 20588 | Volcano  | Noticed a red draconian
 20593 | Volcano  | Killed a red draconian
 20857 | Lair:5   | Found a staircase to the Slime Pits.
 20857 | Lair:5   | Found a viscous altar of Jiyva.
 20865 | Lair:5   | Reached ****** piety under Okawaru
 20975 | Lair:5   | Received a gift from Okawaru
 21357 | Lair:1   | Killed Sin92's ghost
 21357 | Lair:1   | Reached XP level 14. HP: 154/154 MP: 17/17
 21897 | Lair:6   | Entered Level 6 of the Lair of Beasts
 21898 | Lair:6   | Reached skill level 5 in Evocations
 23608 | Lair:6   | Identified the Incunabulum of Enchanting Air
 23918 | Lair:6   | Got a transparent flail
 23920 | Lair:6   | Identified the +5 flail of Descent {flame, Fragile +Rage
                  | Stlth+} (You found it on level 6 of the Lair of Beasts)
 24001 | Lair:6   | Received a gift from Okawaru
 25208 | D:11     | Noticed Josephine
 25215 | D:11     | Killed Josephine
 27077 | D:12     | Reached XP level 15. HP: 114/161 MP: 19/19
 28031 | D:13     | Found Kumnout's Weapon Shop.
 28348 | D:13     | Received a gift from Okawaru
 28388 | D:13     | Found a gate to the Vaults.
 28784 | D:13     | Found Womacos's Book Emporium.
 28788 | D:13     | Bought a book of Minor Magic for 240 gold pieces
 28791 | D:13     | Learned a level 2 spell: Blink
 29082 | D:13     | Reached skill level 1 in Translocations
 29180 | D:13     | Found a portal to a secret trove of treasure.
 30323 | D:15     | Entered Level 15 of the Dungeon
 30679 | D:15     | Found a gate leading to a gauntlet.
 30683 | Gauntlet | Entered a Gauntlet
 30683 | Gauntlet | Found a transporter.
 30683 | Gauntlet | Found a transporter.
 30683 | Gauntlet | Found a transporter.
 30687 | Gauntlet | Found a transporter.
 30687 | Gauntlet | Found a transporter.
 30687 | Gauntlet | Found a transporter.
 30697 | Gauntlet | Found a transporter.
 30700 | Gauntlet | Found a transporter.
 30701 | Gauntlet | Found a transporter.
 30711 | Gauntlet | Found a transporter.
 30718 | Gauntlet | Found a transporter.
 30828 | Gauntlet | Found a transporter.
 30965 | Gauntlet | Got a fine plate armour
 30976 | Gauntlet | Identified the +6 plate armour of the Robin {MR+ Int+3}
                  | (You found it in a Gauntlet)
 30998 | Gauntlet | Got a pitted turquoise ring
 31005 | Gauntlet | Identified the ring of Vewy {rElec Stlth-} (You found it in
                  | a Gauntlet)
 31008 | Gauntlet | Got a steaming wooden ring
 31010 | Gauntlet | Identified the ring of Acoejem {Ice Int+8 Slay-6} (You
                  | found it in a Gauntlet)
 31414 | D:15     | Received a gift from Okawaru
 31433 | D:15     | Found a staircase to the Depths.
 31961 | Orc:1    | Entered Level 1 of the Orcish Mines
 31982 | Orc:1    | Found a roughly hewn altar of Beogh.
 33025 | Orc:2    | Entered Level 2 of the Orcish Mines
 33093 | Orc:2    | Found a staircase to the Elven Halls.
 33098 | Orc:2    | Noticed Nergalle
 33121 | Orc:2    | Killed Nergalle
 33374 | Orc:2    | Reached XP level 16. HP: 165/171 MP: 20/20
 33450 | Orc:2    | Found a roughly hewn altar of Beogh.
 33450 | Orc:2    | Noticed Blork the orc
 33483 | Orc:2    | Killed Blork the orc
 33486 | Orc:2    | Received a gift from Okawaru
 33723 | Orc:2    | Found Ynukhleiwk's Book Shoppe.
 33743 | Orc:2    | Found Agecim's Antique Armour Shoppe.
 33750 | Orc:2    | Noticed Snorg
 33763 | Orc:2    | Killed Snorg
 33869 | Orc:2    | Noticed Nessos
 33876 | Orc:2    | Killed Nessos
 33879 | Orc:2    | Found Fiumyc's General Store.
 34196 | Orc:2    | Found a roughly hewn altar of Beogh.
 34293 | Orc:2    | Found Iquboh's Antique Weapon Shoppe.
 34838 | Spider:1 | Entered Level 1 of the Spider Nest
 34854 | Spider:1 | Reached skill level 15 in Fighting
 35319 | Spider:1 | Identified the Compendium of Unholy Toxins
 36501 | D:13     | Got a transparent barding {god gift}
 36512 | D:13     | Identified the +4 barding of Baldness {*Corrode +Blink
                  | Int+3 Dex+5} (Okawaru gifted it to you on level 13 of the
                  | Dungeon)
 37795 | Spider:3 | Noticed Donald
 37797 | Spider:3 | Killed Donald
 37799 | Spider:3 | Noticed Louise
 37819 | Spider:3 | Received a gift from Okawaru
 38818 | Spider:4 | Entered Level 4 of the Spider Nest
 39654 | Spider:4 | Killed Louise
 39654 | Spider:4 | Received a gift from Okawaru
 39654 | Spider:4 | Reached XP level 17. HP: 176/184 MP: 21/21
 40606 | Spider:4 | Got a gossamer rune of Zot
 40958 | Lair:2   | Learned a level 1 spell: Apportation
 41029 | Swamp:1  | Entered Level 1 of the Swamp
 41443 | Swamp:1  | Paralysed by a hornet for 2 turns
 41729 | Swamp:1  | Received a gift from Okawaru
 41732 | Swamp:1  | Got a brightly glowing helmet {god gift}
 41744 | Swamp:1  | Identified the +2 helmet "Qaab" {+Inv Dex+4} (Okawaru
                  | gifted it to you on level 1 of the Swamp)
 41902 | Swamp:1  | Found an ancient bone altar of Kikubaaqudgha.
 42399 | Swamp:1  | Found a sparkling altar of Nemelex Xobeh.
 43444 | Swamp:2  | Found a runed translucent gate.
 43446 | Swamp:2  | Found a runed translucent gate.
 43450 | Swamp:2  | Found a runed translucent gate.
 43450 | Swamp:2  | Noticed SolusNox's ghost (adept MiBe)
 43992 | Swamp:3  | Noticed Bai Suzhen
 44025 | Swamp:3  | Killed Bai Suzhen
 44025 | Swamp:3  | Received a gift from Okawaru
 44556 | Swamp:3  | Reached XP level 18. HP: 140/198 MP: 15/22
 45176 | Swamp:4  | Entered Level 4 of the Swamp
 47108 | Swamp:4  | Got a decaying rune of Zot
 47119 | Swamp:4  | Identified a scroll of acquirement
 47506 | Lair:2   | Acquired the ring "Dumuubb" {rElec rC+ MR+ rCorr}
 47747 | Vaults:1 | Entered Level 1 of the Vaults
 47753 | Vaults:1 | Received a gift from Okawaru
 47754 | Vaults:1 | Got a shimmering longbow {god gift}
 49257 | Vaults:1 | Received a gift from Okawaru
 50026 | Vaults:1 | Reached XP level 19. HP: 188/214 MP: 23/23
 50030 | Vaults:1 | Received a gift from Okawaru
 50483 | Vaults:1 | Identified the +9 longbow "Qiphan" {venom, rC+ Dex+4}
                  | (Okawaru gifted it to you on level 1 of the Vaults)
 50809 | Vaults:2 | Noticed a Brimstone Fiend
 50809 | Vaults:2 | Reached skill level 1 in Bows
 51302 | Vaults:2 | Received a gift from Okawaru
 51629 | Vaults:2 | Found the amulet of the Air {Inacc +Fly rElec EV+5 RMsl}
 52520 | Vaults:3 | Received a gift from Okawaru
 53617 | Vaults:3 | Found a staircase to the Crypt.
 53617 | Vaults:3 | Found an ancient bone altar of Kikubaaqudgha.
 53618 | Vaults:3 | Found a basalt altar of Yredelemnul.
 53669 | Vaults:3 | Reached skill level 5 in Bows
 54008 | Vaults:3 | Found Isaemel's Gadget Shop.
 55102 | Vaults:4 | Found a runed translucent gate.
 55102 | Vaults:4 | Found a runed translucent gate.
 55102 | Vaults:4 | Found a runed translucent gate.
 55103 | Vaults:4 | Found an opulent altar of Gozag.
 55104 | Vaults:4 | Noticed garrulousMonolith's ghost (veteran GnFi)
 55150 | Vaults:4 | Received a gift from Okawaru
 55156 | Vaults:4 | Reached XP level 20. HP: 202/225 MP: 24/24
 55339 | Vaults:4 | Found a magical portal.
 55714 | Vaults:4 | Received a gift from Okawaru
 56631 | Depths:1 | Entered Level 1 of the Depths
 56914 | Depths:1 | Found a runed translucent gate.
 56914 | Depths:1 | Found a runed translucent gate.
 56920 | Depths:1 | Noticed Zeph's ghost (adept NaFi)
 56973 | Depths:1 | Noticed the Enchantress
 57284 | Depths:1 | Received a gift from Okawaru
 57294 | Depths:1 | Killed the Enchantress
 57592 | Depths:1 | Found a runed translucent gate.
 57598 | Depths:1 | Noticed lmSkywalker's ghost (adept DrTm)
 57645 | Depths:1 | Received a gift from Okawaru
 57649 | Depths:1 | Got a bloodstained battleaxe {god gift}
 57661 | Depths:1 | Identified the +3 battleaxe "Posmia" {vorpal, SInv}
                  | (Okawaru gifted it to you on level 1 of the Depths)
 57907 | Depths:1 | Found a gateway to Hell.
 58043 | Depths:1 | Found a snail-covered altar of Cheibriados.
 58137 | Depths:1 | Noticed Saint Roka
 58155 | Depths:1 | Killed Saint Roka
 58450 | Depths:1 | Found a shimmering altar of Xom.
 58482 | Depths:1 | Noticed a caustic shrike
 58495 | Depths:1 | Killed a caustic shrike
 58495 | Depths:1 | Reached skill level 10 in Bows
 58702 | Depths:1 | Identified Sif Muna's Tome of Hexes and Transmutation
 58709 | Depths:1 | Learned a level 2 spell: Wereblood
 59042 | Depths:1 | Found a one-way gate leading to the halls of Pandemonium.
 59190 | Depths:2 | Received a gift from Okawaru
 59332 | Depths:2 | Reached XP level 21. HP: 223/235 MP: 25/25
 59784 | Depths:2 | Found a one-way gate to the infinite horrors of the Abyss.
 60197 | Depths:2 | Received a gift from Okawaru
 60813 | Depths:2 | Identified the Disquisition on Attacks and Flames
 61156 | Depths:2 | Identified the Incunabulum of Ignition and Air
 61744 | Depths:2 | Received a gift from Okawaru
 62254 | Hell     | Entered the Vestibule of Hell
 62254 | Hell     | Noticed Geryon
 62646 | Depths:3 | Noticed Boris
 62667 | Depths:3 | Killed Boris
 62667 | Depths:3 | Received a gift from Okawaru
 62786 | Depths:3 | Found a gateway to a ziggurat.
 63505 | Depths:3 | Reached XP level 22. HP: 244/244 MP: 26/26
 63725 | Depths:3 | Noticed a golden dragon
 63735 | Depths:3 | Killed a golden dragon
 64998 | Depths:4 | Received a gift from Okawaru
 65012 | Depths:4 | Noticed Jory
 65030 | Depths:4 | Killed Jory
 65030 | Depths:4 | Received a gift from Okawaru
 66828 | Depths:4 | Noticed Mennas
 66868 | Depths:4 | Killed Mennas
 66868 | Depths:4 | Received a gift from Okawaru
 67571 | Depths:5 | Entered Level 5 of the Depths
 68042 | Depths:5 | Reached XP level 23. HP: 159/259 MP: 24/27
 68264 | Depths:5 | Found a gate to the Realm of Zot.
 68341 | Depths:5 | Found a hazy altar of Hepliaklqana.
 68342 | Depths:5 | Found a glowing golden altar of the Shining One.
 68342 | Depths:5 | Found a sacrificial altar of Ru.
 68355 | Depths:5 | Noticed Xtahua
 68365 | Depths:5 | Killed Xtahua
 68442 | Depths:5 | Received a gift from Okawaru
 68632 | Depths:5 | Noticed a juggernaut
 68968 | Depths:5 | Killed a juggernaut
 69061 | Depths:5 | Noticed a juggernaut
 69092 | Depths:5 | Killed a juggernaut
 69194 | Depths:5 | Noticed a juggernaut
 69777 | Depths:5 | Killed a juggernaut
 70073 | Depths:5 | Received a gift from Okawaru
 70205 | Depths:5 | Reached skill level 10 in Evocations
 70642 | Depths:5 | Identified the ring of Wocraele {Fire *Contam rPois rN+
                  | Str+3}
 70654 | Depths:5 | Received a gift from Okawaru
 70697 | Depths:5 | Got an ichor-stained cloak
 70710 | Depths:5 | Identified the +1 cloak "Wach" {rC+ Regen+ Int-4 Dex+3}
                  | (You found it on level 5 of the Depths)
 71464 | Lair:2   | Upgraded the game from 0.26-a0-810-ge1a9524b62 to
                  | 0.26-a0-812-g31a745ddcd
 71788 | Elf:1    | Entered Level 1 of the Elven Halls
 71802 | Elf:1    | Found a radiant altar of Vehumet.
 72132 | Elf:1    | Found Xowiepi's Jewellery Shop.
 72134 | Elf:1    | Found Lonedi's Antique Armour Boutique.
 72134 | Elf:1    | Found Xicecy's Weapon Shop.
 72150 | Elf:1    | Found Zoujoe's Assorted Antiques.
 72155 | Elf:1    | Bought the amulet of Juawkuno {Reflect Int+2 SH+5} for 700
                  | gold pieces
 72202 | Elf:1    | You fall into a shaft and drop 1 floor!
 72234 | Elf:2    | Found a runed translucent door.
 72256 | Elf:2    | Found a runed translucent door.
 72298 | Elf:2    | Identified Roxanne's Catalogue of Shape Shifting
 72298 | Elf:2    | Noticed Roxanne
 72326 | Elf:2    | Killed Roxanne
 72475 | Elf:2    | Reached XP level 24. HP: 260/276 MP: 28/28
 72815 | Elf:1    | Found Yher's Antique Weapon Boutique.
 72878 | Elf:1    | Found an ancient bone altar of Kikubaaqudgha.
 73265 | Elf:1    | Identified Haekleowex's Tome of Evil Arts
 73378 | Elf:2    | Received a gift from Okawaru
 73404 | Elf:2    | Got a crude plate armour {god gift}
 73961 | Orc:2    | Identified the +5 plate armour "Gelutus" {rF+} (Okawaru
                  | gifted it to you on level 2 of the Elven Halls)
 74251 | Vaults:5 | Entered Level 5 of the Vaults
 74309 | Vaults:5 | Received a gift from Okawaru
 74457 | Vaults:5 | Identified the +5 great sword of the Sixty-Six Tales
                  | {freeze, +Blink MR+}
 74537 | Vaults:5 | Identified the amulet "Asohuycw" {Reflect rF+ SH+5}
 74555 | Vaults:5 | Identified the +6 chain mail "Vifoasu" {rElec Int+3}
 74719 | Vaults:5 | Identified the ring of the Equinox {rF+ Dex+6 Slay+5}
 74810 | Vaults:5 | Reached skill level 10 in Armour
 74884 | Vaults:5 | Reached XP level 25. HP: 271/288 MP: 29/29
 74916 | Vaults:5 | Received a gift from Okawaru
 74958 | Vaults:5 | Noticed an ancient lich
 74966 | Vaults:5 | Killed an ancient lich
 74966 | Vaults:5 | Received a gift from Okawaru
 75372 | Vaults:5 | Identified the Papyrus of Clay and the Entourage
 75381 | Vaults:5 | Got an encrusted cloak
 75392 | Vaults:5 | Identified the +2 cloak of Sophism {Dex+2} (You found it on
                  | level 5 of the Vaults)
 75725 | Vaults:5 | Identified the ring of Rirchups {+Blink +Fly rC+ rN+ SInv}
 75942 | Vaults:5 | Got a warped marble ring
 75943 | Vaults:5 | Identified the ring "Xyawn" {Ice Int+2} (You found it on
                  | level 5 of the Vaults)
 76104 | Vaults:5 | Identified the Grimoire of Enthralling Heat
 76107 | Vaults:5 | Got a silver rune of Zot
 77500 | D:9      | Fell from the grace of Okawaru
 77500 | D:9      | Became a worshipper of Qazlal Stormbringer
 79093 | Elf:3    | Entered Level 3 of the Elven Halls
 79685 | Elf:3    | Identified the +7 great mace of Ehi Ish {pain, Dex+8}
 79687 | Elf:3    | Identified the cursed +3 glaive of Darkness {venom, rPois
                  | rF+}
 79716 | Elf:3    | Identified the +1 steam dragon scales of Gallantry {*Contam
                  | rPois rC+ SInv}
 83620 | Elf:3    | Identified the +8 war axe of Examutew {elec, +Rage Str+4}
 83627 | Elf:3    | Identified the ring of Yredelemnul's Favour {rElec rC+ MR+
                  | Dex+3}
 83629 | Elf:3    | Reached * piety under Qazlal
 83629 | Elf:3    | Identified the cursed +1 leather armour of Starshine {rF+
                  | Str+2}
 83763 | Elf:3    | Identified the ring "Ableynt" {rPois rC+ Str+2 Dex+2}
 84468 | Elf:3    | Found the ring of Shadows {Umbra +Inv Stlth+}
 84477 | Elf:3    | Identified the Catalogue of Poisonous Companions
 84480 | Elf:3    | Got a brightly glowing copper ring
 84481 | Elf:3    | Identified Haroaklozem's Witchery, Part Four
 84852 | Crypt:1  | Entered Level 1 of the Crypt
 84874 | Crypt:1  | Noticed Mara
 85650 | Zot:1    | Entered Level 1 of the Realm of Zot
 85812 | Zot:1    | Reached ** piety under Qazlal
 87859 | Zot:1    | Reached XP level 26. HP: 290/305 MP: 29/30
 88210 | Zot:2    | Reached *** piety under Qazlal
 88262 | Zot:2    | Was forgiven by Okawaru
 89237 | Zot:2    | Reached skill level 10 in Invocations
 89638 | Zot:2    | Found a transporter.
 89638 | Zot:2    | Noticed Netemen's ghost (master GnFi)
 90038 | Zot:2    | Identified the +5 flail "Zoteta" {freeze, MR+ SInv}
 90042 | Zot:2    | Identified the +10 halberd of the Tiger {vamp, rN++ Dex+4}
 90054 | Zot:2    | Found a transporter.
 90298 | Zot:2    | Identified the ring "Festrolaojia" {Str+4 Dex+6 Stlth+}
                  | (You found it on level 3 of the Elven Halls)
 92103 | Depths:4 | Got a pitted chain mail
 92104 | Depths:4 | Identified the cursed +0 chain mail of Forking Paths {rPois
                  | rC+ Stlth+} (You found it on level 4 of the Depths)
 92589 | Elf:3    | Got a distressingly furry scale mail
 92590 | Elf:3    | Identified the +5 scale mail of Seime {MR++ rCorr} (You
                  | found it on level 3 of the Elven Halls)
 93803 | Slime:1  | Entered Level 1 of the Pits of Slime
 94601 | Slime:2  | Gained mutation: Your spells are a little easier to cast,
                  | but a little less powerful. [a shining eye]
 94634 | Slime:2  | Gained mutation: Your spells are easier to cast, but less
                  | powerful. [a shining eye]
 95018 | Slime:3  | Reached **** piety under Qazlal
 95019 | Slime:3  | Gained mutation: You occasionally shout uncontrollably at
                  | your foes. [a shining eye]
 95029 | Slime:3  | Gained mutation: You do not regenerate when monsters are
                  | visible. [a shining eye]
 95133 | Lair:2   | Lost mutation: Your spells are easier to cast, but less
                  | powerful. [potion of mutation]
 95133 | Lair:2   | Lost mutation: You do not regenerate when monsters are
                  | visible. [potion of mutation]
 95133 | Lair:2   | Gained mutation: Your mind is acute. (Int +2) [potion of
                  | mutation]
 95133 | Lair:2   | Gained mutation: You possess an exceptional clarity of
                  | mind. [potion of mutation]
 95133 | Lair:2   | Gained mutation: You passively map a small area around you.
                  | [potion of mutation]
 95487 | Hell     | Reached skill level 27 in Axes
 95915 | Depths:1 | Reached ***** piety under Qazlal
 96077 | Hell     | Reached XP level 27. HP: 303/314 MP: 33/33
 96184 | Hell     | Reached skill level 1 in Transmutations
 96211 | Hell     | Killed Geryon
 96443 | Depths:1 | Killed Zeph's ghost
 96445 | Depths:1 | Killed lmSkywalker's ghost
 96459 | Depths:1 | Got a brightly glowing jade ring
 96464 | Depths:1 | Got a crude wooden ring
 96465 | Depths:1 | Identified the ring of Ecyck {Fire rElec} (You found it on
                  | level 1 of the Depths)
 96466 | Depths:1 | Identified the ring of Xem Epir {*Drain +Blink rF+ Str+6
                  | Dex+3} (You found it on level 1 of the Depths)
 96515 | Depths:1 | Learned a level 2 spell: Passwall
 96633 | Hell     | Reached skill level 15 in Invocations
 96675 | Hell     | Found a gateway to the freezing wastes of Cocytus.
 96724 | Hell     | Found a gateway to the decaying netherworld of Tartarus.
 96783 | Hell     | Found a gateway to the ashen valley of Gehenna.
 96858 | Hell     | Found a gateway to the Iron City of Dis.
 97777 | D:13     | You paid a toll of +5 ice dragon scales to enter a treasure
                  | trove
 97778 | Trove    | Entered a treasure trove
 98518 | Depths:2 | Voluntarily entered the Abyss.
 98615 | Abyss:1  | Found an ornate altar of the Wu Jian Council.
 98652 | Abyss:1  | Found an ornate altar of the Wu Jian Council.
 98668 | Abyss:1  | Reached skill level 1 in Maces & Flails
 99343 | Abyss:1  | Gained mutation: Your body sometimes deteriorates upon
                  | taking damage. [a neqoxec]
 99357 | Abyss:1  | Reached ****** piety under Qazlal
 99403 | Abyss:1  | Reached skill level 5 in Maces & Flails
 99814 | Abyss:2  | Found a corrupted altar of Lugonu.
 99930 | Abyss:2  | Found a corrupted altar of Lugonu.
100214 | Abyss:2  | Reached skill level 27 in Fighting
100622 | Abyss:3  | Found a basalt altar of Yredelemnul.
100749 | Abyss:4  | Found a corrupted altar of Lugonu.
101148 | Abyss:4  | Lost mutation: Your mind is acute. (Int +2) [a neqoxec]
101216 | Abyss:4  | Gained mutation: You are weak. (Str -2) [a neqoxec]
101225 | Abyss:4  | Lost mutation: You possess an exceptional clarity of mind.
                  | [a neqoxec]
101242 | Abyss:4  | Gained mutation: You do not regenerate when monsters are
                  | visible. [a neqoxec]
101249 | Abyss:4  | Gained mutation: Your body often deteriorates upon taking
                  | damage. [a neqoxec]
101289 | Abyss:4  | Reached skill level 5 in Dodging
101304 | Abyss:4  | Found an opulent altar of Gozag.
101327 | Abyss:4  | Paralysed by accursed screaming for 1 turns
101339 | Depths:2 | Escaped the Abyss
101577 | Depths:2 | Lost mutation: You occasionally shout uncontrollably at
                  | your foes. [potion of mutation]
101577 | Depths:2 | Lost mutation: You do not regenerate when monsters are
                  | visible. [potion of mutation]
101577 | Depths:2 | Lost mutation: You are robust. (+10% HP) [potion of
                  | mutation]
101577 | Depths:2 | Gained mutation: Your flesh is cold resistant. (rC+)
                  | [potion of mutation]
101577 | Depths:2 | Gained mutation: Your flesh is very cold resistant. (rC++)
                  | [potion of mutation]
102163 | Crypt:1  | Killed Mara
102163 | Crypt:1  | Reached skill level 5 in Transmutations
102483 | Crypt:1  | Gained mutation: You are frail. (-10% HP) [mutagenic glow]
102529 | Crypt:1  | Lost mutation: Your spells are a little easier to cast, but
                  | a little less powerful. [potion of mutation]
102529 | Crypt:1  | Lost mutation: You are weak. (Str -2) [potion of mutation]
102529 | Crypt:1  | Lost mutation: Your body often deteriorates upon taking
                  | damage. [potion of mutation]
102529 | Crypt:1  | Gained mutation: Your mind is acute. (Int +2) [potion of
                  | mutation]
102529 | Crypt:1  | Lost mutation: You passively map a small area around you.
                  | [potion of mutation]
102529 | Crypt:1  | Lost mutation: You are frail. (-10% HP) [potion of
                  | mutation]
102529 | Crypt:1  | Gained mutation: You are agile. (Dex +2) [potion of
                  | mutation]
102578 | Crypt:1  | Noticed Khufu
102590 | Crypt:1  | Killed Khufu
103104 | Crypt:2  | Reached skill level 1 in Earth Magic
103475 | Crypt:2  | Found the brooch of Shielding {Spirit SH+8}
104111 | Crypt:3  | Entered Level 3 of the Crypt
104476 | Crypt:3  | Found a staircase to the Tomb.
105151 | Crypt:3  | Found the +5 scythe "Finisher" {speed, eviscerate}
105152 | Crypt:3  | Noticed an ancient lich
107074 | Zot:5    | Entered Level 5 of the Realm of Zot
107263 | Zot:5    | Found Ycied's Changing Room.
107275 | Zot:5    | Bought a potion of mutation for 192 gold pieces
108901 | Zot:5    | Noticed an orb of fire
108902 | Zot:5    | Noticed an orb of fire
108906 | Zot:5    | Noticed an ancient lich
108906 | Zot:5    | Noticed an orb of fire
108911 | Zot:5    | HP: 13/292 [electric golem/bolt of lightning (13)]
108912 | Zot:5    | Noticed an orb of fire
108914 | Zot:5    | Killed from afar by an orb of fire

Illustrated notes

Levels and vault maps discovered:
D:1:      roderic_lyre, layout_basic
D:2:      layout_basic
D:3:      layout_basic, dk_noncrumbling_3
D:4:      layout_cave_pods, kennysheep_small_square, uniq_natasha, uniq_menkaure
D:5:      layout_cave_pools
D:6:      layout_basic, nicolae_overflow_crystal_walls, zin_angel, serial_shops,
          nicolae_shop_waterfront, nemelex_spade_bored_becter
D:7:      layout_basic, minmay_temple_entry_offerings
D:8:      layout_basic
D:9:      layout_roguey, grunt_qazlal_sundering, grunt_temple_overflow_open,
          grunt_lair_entry_orc_guard_hut, serial_ice, serial_ice_a,
          serial_ice_m, serial_ice_f, serial_ice_k, serial_ice_b, serial_ice_d,
          uniq_maurice
D:10:     layout_basic, orc_0_dummy, uniq_urug
D:11:     cheibrodos_barr_body, layout_gridville, uniq_josephine
D:12:     layout_long_grid
D:13:     layout_loops_ring, erik_vaults_1, serial_shops, shop_fountains, shop,
          enter_trove_5
D:14:     layout_cave_pods
D:15:     gammafunk_enter_depths_forms, layout_basic, gauntlet_entry_generic,
          hangedman_decor_growths
Temple:   zaba_magenta_temple
Lair:1:   layout_long_grid, ebering_ghost_disaster_area,
          infiniplex_staircase_pool, serial_bayou_shore_b, serial_bayou_shore_b
Lair:2:   layout_gridlike, minmay_swamp_entry_swarm,
          nicolae_spider_entry_orb_guardian, grunt_megastairs_1,
          serial_bayou_shore_a, uniq_harold
Lair:3:   regret_index_bee_streams, layout_hall_layers, gammafunk_ghost_split,
          chequers_serial_rivers_marsh, minmay_lair_oklob_items
Lair:4:   layout_cave_pods, grunt_megastairs_2
Lair:5:   layout_misc_corridors, slime_altar_1, enter_volcano_4
Lair:6:   gammafunk_lair_ancient_temple, layout_regular_city,
          grunt_megastairs_4, minmay_lair_oklob_chamber
Swamp:1:  layout_basic_swamp, lemuel_altar_in_water, swamp_pool2,
          grunt_ruined_hall, infiniplex_staircase_pool_2
Swamp:2:  layout_basic_swamp, gammafunk_ghost_hydra_chop,
          nicolae_swamp_fairy_circle, swamp_pool1, nicolae_swamp_treefoil
Swamp:3:  cheibrodos_swamp_tower_of_moss, layout_falls_marsh, serial_swamp_ruin,
          evilmike_swamp_ruin_rubble_1, evilmike_swamp_ruin_house_4,
          evilmike_swamp_ruin_house_2, uniq_bai_suzhen
Swamp:4:  swamp_basic_johnstein, layout_basic_swamp
Spider:1: layout_spider_delve
Spider:2: layout_spider_delve
Spider:3: layout_spider_delve, drop_trap, spiders_nest_ghost_moth_duel,
          uniq_louise, uniq_donald
Spider:4: spider_rune_water
Slime:1:  layout_caves
Slime:2:  layout_caves
Slime:3:  layout_caves
Orc:1:    layout_diamond_mine, kennysheep_orc_chapel
Orc:2:    grunt_orc_cross, layout_diamond_mine, basic_altar, uniq_nessos,
          uniq_snorg
Elf:1:    eino_elf_arrival_altar, layout_rooms, basic_altar, serial_shops,
          nicolae_shop_statue_plus, minmay_elf_necromancy, minmay_shoptagon
Elf:2:    layout_geoelf_grid, st_stairs_11, lemuel_flamethrower_3, uniq_roxanne
Elf:3:    minmay_elf_hall_spiked, layout_loops_cross, columned_hall_lemuel,
          grunt_ministairs_7, minmay_misc_feat_ornament
Vaults:1: grunt_vaults_funnel, v_pattern_1, v_misc_3, v_misc_26,
          grunt_vaults_diagonal, nicolae_vaults_alarming,
          nicolae_vaults_three_branches, grunt_vaults_hallway_short,
          layout_vaults_chaotic_city
Vaults:2: v_misc_23, nicolae_vaults_circle_grid_b,
          nicolae_vaults_mini_display_case, v_misc_11, hangedman_vaults_trim,
          layout_vaults_quadrants
Vaults:3: v_misc_9, minmay_crypt_entry_necro_gods, v_pattern_2,
          vaults_room_pools, v_misc_33, hangedman_vaults_cutoff,
          hangedman_vaults_trim, ontoclasm_vaults_ring_square,
          nicolae_vaults_ring_of_whatevers, nicolae_vaults_big_angled_halls,
          vaults_standard_mumra_lines, grunt_vaults_bifocal,
          nicolae_vaults_little_squares_6, nicolae_vaults_little_squares_6,
          nicolae_vaults_diagonal_hallway_6, layout_vaults_omnibox,
          serial_shops, nicolae_shop_competitors_out_of_business
Vaults:4: ebering_vaults_ghost_gozag, nicolae_vaults_network_barrier,
          hangedman_vaults_corner_blocks, ontoclasm_vaults_chip,
          grunt_vaults_focal, hangedman_vaults_maws, vaults_mumra_hex, v_misc_1,
          nicolae_vaults_disjoint_gnomons, v_misc_17, ontoclasm_vaults_fault,
          ontoclasm_vaults_twist, layout_vaults_maze_snakey,
          infiniplex_enter_wizlab_water
Vaults:5
Crypt:1:  layout_chaotic_city, minmay_guarded_unrand_curses, uniq_khufu,
          uniq_mara
Crypt:2:  hangedman_hall_of_fallen_heroes, layout_chaotic_city
Crypt:3:  david_glass_crypt, layout_chaotic_city, tomb_entry_moat_badplayer,
          skrybe_necro_troll_2
Depths:1: due_chaos_kobolds, layout_gridlike, gammafunk_ghost_cemetery,
          hangedman_tar_grid_catacomb, cheibriados_altar_1,
          rand_demon_pan_entry_9, minmay_mirror_moons_of_madness,
          serial_bayou_shore_b, uniq_enchantress, uniq_saint_roka
Depths:2: minmay_spiral_squares, layout_gridlike, abyss_entry, hell_entry,
          nicolae_benzene_ring
Depths:3: evilmike_horseshoe, layout_basic, enter_ziggurat_f, pan_entry,
          minmay_misc_feat_rugged, hell_entry, abyss_entry,
          minmay_staircase_windowed_small, uniq_boris
Depths:4: kennysheep_scales, layout_twisted_cross, minmay_misc_feat_diagonals,
          minmay_room_of_horrors, hell_entry, kennysheep_underground_church,
          infiniplex_staircase_zigzag_5, uniq_jory, uniq_mennas
Depths:5: hangedman_slaughterboxes, hell_entry, uniq_xtahua
Hell
Zot:1:    layout_basic, grunt_ministairs_11, st_stairs_3,
          st_single_dragon_hoard_4
Zot:2:    layout_concentric_octagons, gammafunk_ghost_arena
Zot:3:    layout_cathedral_of_symmetry
Zot:4:    layout_concentric_octagons, grunt_megastairs_5
Zot:5:    layout_basic, nicolae_transmutations_shop, grunt_ministairs_7,
          lemuel_golem_globe

Skill      XL: |  1  2  3  4  5  6  7  8  9 10 11 12 13 14 15 16 17 18 19 20 21 22 23 24 25 26 27 |
---------------+----------------------------------------------------------------------------------+-----
Axes           | 4 5 6 8 9 11 12 13 14 15 16 18 20 21 22 23 25 26 27 | 27.0
Fighting       | 4 7 8 10 12 14 16 17 19 20 21 23 24 26 27 | 27.0
Invocations    | 1 5 6 7 8 9 14 19 | 19.0
Armour         | 2 5 6 7 9 10 11 14 | 14.1
Dodging        | 4 8 |  8.4
Evocations     | 4 5 7 8 10 12 14 | 14.8
Translocations | 3 |  3.0
Throwing       | 2 |  2.2
Bows           | 6 10 12 13 14 | 14.2
Transmutations | 6 |  6.5
Maces & Flails | 8 |  8.5
Earth Magic    | 3 |  3.2

Action                   |  1- 3 |  4- 6 |  7- 9 | 10-12 | 13-15 | 16-18 | 19-21 | 22-24 | 25-27 || total
-------------------------+-------+-------+-------+-------+-------+-------+-------+-------+-------++-------
Melee: War axe           |    99 |   140 |   271 |   479 |   188 |       |       |       |       ||  1177
       Tailslap          |     8 |    22 |    51 |   130 |   206 |   214 |   245 |   225 |   569 ||  1670
       Dire flail        |       |       |       |    34 |    38 |       |       |       |       ||    72
       Punch             |       |       |       |     1 |     2 |       |       |       |       ||     3
       Executioner's axe |       |       |       |       |   646 |   794 |   973 |   895 |  2045 ||  5353
       Battleaxe         |       |       |       |       |   121 |    96 |    16 |     4 |       ||   237
       Great mace        |       |       |       |       |       |       |       |    10 |   407 ||   417
       Sacred scourge    |       |       |       |       |       |       |       |    13 |       ||    13
 Fire: Longbow           |       |       |       |       |       |       |    70 |   109 |   126 ||   305
Throw: Stone             |       |     2 |     1 |       |       |       |       |       |       ||     3
       Dart              |       |       |     3 |    16 |     1 |       |       |    22 |     2 ||    44
       Boomerang         |       |       |     3 |    23 |       |       |       |       |       ||    26
       Throwing net      |       |       |     2 |     1 |       |       |       |       |       ||     3
       Javelin           |       |       |       |     4 |     6 |    94 |     9 |    26 |    14 ||   153
 Cast: Blink             |       |       |       |       |     3 |       |       |       |     1 ||     4
       Wereblood         |       |       |       |       |       |       |       |       |    17 ||    17
Invok: Heroism           |       |       |       |     5 |     9 |    13 |     5 |     9 |    27 ||    68
       Finesse           |       |       |       |     2 |     3 |    12 |     5 |     8 |    15 ||    45
       Upheaval          |       |       |       |       |       |       |       |       |    18 ||    18
       Elemental Force   |       |       |       |       |       |       |       |       |     4 ||     4
       Disaster Area     |       |       |       |       |       |       |       |       |     4 ||     4
 Abil: Rolling Charge    |    16 |    30 |    61 |    67 |   174 |   174 |   158 |   165 |   498 ||  1343
       Evoke Blink       |       |       |       |       |       |     8 |     1 |     6 |     3 ||    18
       Evoke Invisibilit |       |       |       |       |       |       |       |     2 |    11 ||    13
Evoke: Wand              |       |       |       |     2 |     1 |       |     3 |     8 |     5 ||    19
       Box of beasts     |       |       |       |       |     1 |       |       |       |     1 ||     2
       Condenser vane    |       |       |       |       |       |     1 |     1 |     3 |     1 ||     6
       Lightning rod     |       |       |       |       |       |       |       |     6 |     3 ||     9
       Horn of Geryon    |       |       |       |       |       |       |       |       |     1 ||     1
  Use: Scroll            |       |     3 |     3 |    10 |    17 |    12 |     6 |     5 |    33 ||    89
       Potion            |       |       |       |     6 |     6 |     9 |     1 |     7 |    19 ||    48
 Stab: Held in net/web   |       |       |     2 |     1 |       |     1 |       |       |       ||     4
       Invisible         |       |       |     1 |       |       |       |       |    13 |    57 ||    71
       Fleeing           |       |       |       |       |     1 |       |       |       |     1 ||     2
       Confused          |       |       |       |       |       |     1 |       |       |       ||     1
       Distracted        |       |       |       |       |       |       |       |       |     1 ||     1
Armor: Leather armour    |    47 |    26 |       |       |       |       |       |       |       ||    73
       Scale mail        |       |    22 |   106 |   242 |   556 |       |       |       |       ||   926
       Plate armour      |       |       |       |       |    68 |   103 |   610 |   561 |  1421 ||  2763
       Ring mail         |       |       |       |       |       |   543 |       |       |       ||   543
Dodge: Dodged            |    53 |    62 |   117 |   246 |   400 |   457 |   215 |   182 |   523 ||  2255
       Repelled          |       |       |       |       |       |       |       |       |    21 ||    21
Block: Other             |       |       |       |       |    92 |   194 |   167 |   128 |   754 ||  1335
       Reflection        |       |       |       |       |     6 |     4 |    20 |    12 |    12 ||    54

Table legend: (Time is in decaauts)
 A = Elapsed time spent in this place.
 B = Non-inter-level travel time spent in this place.
 C = Inter-level travel time spent in this place.
 D = Time resting spent in this place.
 E = Time spent auto-exploring this place.
 F = Levels seen in this place.
 G = Mean time per level.
                   A        B        C        D        E       F      G
               +--------+--------+--------+--------+--------+-----+--------+
         Total | 108329 |  94520 |  13809 |  37638 |  39515 |  64 | 1692.6 |
       Dungeon |  25398 |  19725 |   5673 |   7365 |   9420 |  15 | 1693.2 |
        Temple |    131 |    117 |     14 |      0 |     57 |   1 |  131.0 |
          Lair |  17254 |  14965 |   2289 |   8523 |   4139 |   6 | 2875.7 |
         Swamp |   6119 |   5822 |    297 |   1984 |   2962 |   4 | 1529.8 |
   Spider Nest |   5061 |   4726 |    335 |   1922 |   1940 |   4 | 1265.2 |
    Slime Pits |    863 |    767 |     96 |    103 |    395 |   3 |  287.7 |
  Orcish Mines |   2561 |   2265 |    296 |    630 |   1222 |   2 | 1280.5 |
   Elven Halls |   7852 |   7403 |    449 |   4337 |   2150 |   3 | 2617.3 |
        Vaults |  11229 |   9887 |   1342 |   3348 |   4825 |   5 | 2245.8 |
         Crypt |   2938 |   2827 |    111 |    506 |   1413 |   3 |  979.3 |
        Depths |  16950 |  14529 |   2421 |   6193 |   5768 |   5 | 3390.0 |
          Hell |    555 |    537 |     18 |     52 |    286 |   1 |  555.0 |
           Zot |   8008 |   7545 |    463 |   2429 |   3883 |   5 | 1601.6 |
         Abyss |   2644 |   2644 |      0 |    242 |    841 |   4 |  661.0 |
         Trove |    108 |    108 |      0 |      0 |     50 |   1 |  108.0 |
       Volcano |    264 |    264 |      0 |      1 |    160 |   1 |  264.0 |
      Gauntlet |    387 |    387 |      0 |      0 |      0 |   1 |  387.0 |
               +--------+--------+--------+--------+--------+-----+--------+

Top non-repeatable levels by time:
  Lair:2: 6009 daAuts
   Elf:2: 5027 daAuts
Depths:2: 4616 daAuts
     D:9: 3711 daAuts
Depths:5: 3623 daAuts
   Zot:1: 3485 daAuts
Vaults:3: 3297 daAuts
Depths:1: 3131 daAuts
    D:10: 3059 daAuts
Depths:4: 3017 daAuts
  Lair:1: 3010 daAuts
    D:15: 2820 daAuts
Depths:3: 2561 daAuts
Vaults:1: 2495 daAuts
  Lair:5: 2387 daAuts
